 Dungeon Crawl Stone Soup version 0.30-a0-374-g95c0257040 (webtiles) character file.

Game seed: 11345500646226002835

137 sanka the Chopper (level 5, 0/1 (42) HPs)
             Began as a Formicid Fighter on Nov 25, 2022.
             Slain by a kobold
             ... wielding a +0 club
              (1 damage)
             ... on level 3 of the Dungeon.
             The game lasted 00:04:54 (2815 turns).

sanka the Chopper (Formicid Fighter)                Turns: 2815, Time: 00:04:55

HP:   0/1 (42)      AC:  6    Str: 22    XL:     5   Next: 44%
MP:   5/5           EV:  9    Int:  8    God:
Gold: 137           SH:  5    Dex: 17    Spells: 4/4 levels left

rFire   + . .      SeeInvis +    a - +0 war axe
rCold   + . .      Faith    .    c - +0 buckler
rNeg    . . .      Spirit   .    m - +0 scale mail {Will+}
rPois   .          Reflect  .    (helmet unavailable)
rElec   .          Harm     .    l - scarf {rC+ rF+}
rCorr   .          Rampage  .    (no gloves)
Will    +....                    (no boots)
Stlth   ..........               k - amulet of Orahiet {Regen+ Dex+4}
HPRegen 1.00/turn                (no ring)
MPRegen 0.09/turn                (no ring)

@: extremely drained
A: permanent stasis, dig shafts and tunnels, antennae 3, four strong arms
a: Dig, Shaft Self


You were on level 3 of the Dungeon.
You visited 1 branch of the dungeon, and saw 3 of its levels.

You collected 137 gold pieces.


Innate Abilities, Weirdness & Mutations

You cannot be hasted, slowed, berserked, paralysed or teleported.
You can dig through walls and to a lower floor.
You have a pair of large antennae on your head. (SInv)
Your four strong arms can wield two-handed weapons with a shield.


   Skills:
 - Level 4.0 Fighting
 * Level 4.8 Axes
 - Level 3.2 Armour
 - Level 4.0 Shields


You had 4 spell levels left.
You didn't know any spells.
Your spell library contained the following spells:

 Spells                   Type           Power      Damage    Failure   Level
 Foxfire                  Conj/Fire      0%         2x1d4     80%         1
 Fireball                 Conj/Fire      0%         3d3       100%        5
 Starburst                Conj/Fire      0%         6d3       100%        6

Inventory:

Hand Weapons
 a - a +0 war axe (weapon)
Armour
 c - a +0 buckler (worn)
 l - a scarf of resistance (worn)
 m - a +0 scale mail of willpower (worn)
Jewellery
 k - the amulet of Orahiet (around neck) {Regen+ Dex+4}

   [amulet of regeneration]

   Dex:       It affects your dexterity (+4).
   Regen:     It increases your rate of health regeneration.
Wands
 v - a wand of mindburst (10)
Scrolls
 e - a scroll of teleportation {unknown}
 f - a scroll of butterflies {unknown}
 j - 2 scrolls of fear
 o - a scroll of enchant armour
 q - a scroll of amnesia {unknown}
 r - a scroll of vulnerability {unknown}
 s - a scroll of noise {unknown}
 t - a scroll of poison {unknown}
 w - a scroll of magic mapping {unknown}
Potions
 b - a potion of berserk rage {unknown}
 d - a potion of might
 g - a potion of lignification {unknown}
 h - a potion of cancellation {unknown}
 i - 2 potions of curing {unknown}
 n - 2 potions of haste {unknown}
 p - 2 potions of attraction {unknown}
 u - a potion of mutation {unknown}
 x - a potion of degeneration {unknown}

Dungeon Overview and Level Annotations

Branches:
Dungeon (3/15)

Altars:

.......▒▒▒....▒▒{▒▒▒.▒
▒......
........▒▒.▒▒▒▒{▒▒ ▒.▒
▒...... ........▒▒)▒
▒▒.▒▒▒)▒▒▒▒▒▒......
........▒▒.▒
▒▒{▒▒.............
........▒▒.▒
▒▒.▒▒▒▒▒▒▒▒......
........▒▒.▒ ▒▒{▒▒
▒...... ........▒▒.▒
▒▒.▒▒ ▒......
▒▒▒▒.▒▒.▒▒.▒ ▒K▒▒
▒...... ▒.▒▒.▒▒.▒
▒▒B▒▒ ▒......
▒.▒▒.▒▒.▒
▒▒.▒▒▒▒▒▒▒▒▒▒▒▒▒..
▒.▒▒.▒▒.▒
▒▒..............▒
▒.▒▒.▒▒.▒
▒.▒▒▒▒▒▒▒▒▒▒▒▒.▒
▒.▒▒.▒▒.▒ ▒.▒ ▒.▒
▒.▒▒.▒▒.▒ ▒.▒ ▒.▒
▒....▒▒.▒ ▒.▒ ▒..
▒▒▒▒▒▒▒.▒ ▒.▒ ▒▒▒ ▒.▒
▒.▒


You could see a kobold.


Message History

t - Shout!
Orders for allies: a - Attack new target. r - Retreat! s - Stop attacking. g - Guard the area. f - Follow me.
Anything else - Cancel.
You shout for attention!
There is a large open door here.
There is an open door here.
There is an open door here.
Found an ivory wand.
v - a wand of mindburst (10)
You open the door.
There is an open door here.
You open the door.
A kobold and a gnoll come into view.
The kobold shouts!
The gnoll shouts!
You hear a shout!
A kobold comes into view. It is wielding a +0 club.
There is an open door here.
There is a large open door here.
There is a stone staircase leading up here.
Items here: ( )) †††.
You miss the kobold. The kobold barely misses you.
You block the kobold's attack.
You barely miss the kobold. The kobold hits you with a +0 club.
Ouch! That really hurt!
You die...

Action                   |  1- 3 |  4- 6 || total
-------------------------+-------+-------++-------
Melee: War axe           |    56 |    83 ||   139
 Abil: Dig               |       |     1 ||     1
  Use: Scroll            |       |     4 ||     4
Armor: Scale mail        |    21 |    45 ||    66
Dodge: Dodged            |    27 |    35 ||    62
Block: Buckler           |    10 |    23 ||    33

Levels and vault maps discovered:
D:1:      onia_arrival_mini_spirals, layout_basic
D:2:      layout_loops_ring, nrook_mini_vaults
D:3:      minmay_goblin_kobold_castle, layout_basic,
          ebering_ghost_reflecting_pool, uniq_grinder

Notes
Turn   | Place    | Note
-------+----------+-------------------------------------------
     0 | D:1      | sanka the Formicid Fighter began the quest for the Orb.
     0 | D:1      | Reached XP level 1. HP: 18/18 MP: 1/1
    56 | D:1      | Reached XP level 2. HP: 24/24 MP: 2/2
   173 | D:1      | Reached skill level 3 in Axes
   173 | D:1      | Reached XP level 3. HP: 12/30 MP: 3/3
   680 | D:1      | Identified a scarf of resistance
   755 | D:1      | Reached skill level 4 in Fighting
   755 | D:1      | Reached XP level 4. HP: 14/37 MP: 4/4
  1401 | D:2      | Reached skill level 4 in Axes
  1753 | D:3      | Found a runed translucent door.
  1796 | D:3      | Noticed PanSaczeczos's ghost (weakling KoDe)
  1869 | D:3      | Reached XP level 5. HP: 42/42 MP: 5/5
  2499 | D:3      | Killed PanSaczeczos's ghost
  2509 | D:3      | Identified a scroll of acquirement
  2510 | D:3      | Acquired the amulet of Orahiet {Regen+ Dex+4}
  2815 | D:3      | Slain by a kobold

Vanquished Creatures
  The ghost of PanSaczeczos the Sneak, a weakling KoDe (D:3)
  3 gnolls (D:1)
  3 adders
  A worm (D:2)
  2 dart slugs
  2 orcs (D:3)
  8 ball pythons
  8 bats
  7 endoplasms
  3 giant cockroaches
  2 goblins
  2 hobgoblins (D:1)
  2 jackals (D:1)
  8 kobolds
  2 quokkas (D:1)
  2 frilled lizards (D:3)
  A rat (D:1)
57 creatures vanquished.
